 Dungeon Crawl Stone Soup version 0.19-a0-892-g8a19e52 (webtiles) character file.

58 Moloch the Chopper (level 3, 0/29 HPs)
             Began as a Demonspawn Fighter on July 4, 2016.
             Succumbed to an adder's poison
             ... on level 2 of the Dungeon.
             The game lasted 00:01:30 (1390 turns).

Moloch the Chopper (Demonspawn Fighter)             Turns: 1390, Time: 00:01:30

Health: 0/29       AC:  6    Str: 17    XL:     3   Next: 76%
Magic:  3/3        EV:  6    Int:  9    God:
Gold:   64         SH:  8    Dex: 12    Spells: 0 memorised, 2 levels left

rFire  . . .     SeeInvis .     a - +0 war axe
rCold  . . .     Gourm    .     b - +0 scale mail
rNeg   . . .     Faith    .     c - +0 shield
rPois  +         Spirit   .     (no helmet)
rElec  .         Dismiss  .     (no cloak)
rCorr  .         Reflect  .     (no gloves)
SustAt .         Harm     .     (no boots)
MR     .....                    (no amulet)
Stlth  ..........               (no ring)
                                (no ring)

@: lethally poisoned (0 -> -2), not resistant to hostile enchantments, extremely
unstealthy
A: hooves 1, deterioration 1, poison resistance, regeneration 1
a: no special abilities


You were on level 2 of the Dungeon.
You were hungry.

You visited 1 branch of the dungeon, and saw 2 of its levels.

You collected 64 gold pieces.

Inventory:

Hand Weapons
 a - a +0 war axe (weapon)
Armour
 b - a +0 scale mail (worn)
 c - a +0 shield (worn)
Scrolls
 h - 2 scrolls of enchant weapon {unknown}
 n - a scroll of recharging {unknown}
 o - a scroll of identify {unknown}
Potions
 d - a potion of might
Comestibles
 f - 4 bread rations
 g - a slice of pizza
 j - a meat ration
 m - 2 fruits


   Skills:
 - Level 3.0 Fighting
 + Level 3.7 Axes
 - Level 2.6 Armour
 - Level 2.6 Shields


You had 2 spell levels left.
You didn't know any spells.

Dungeon Overview and Level Annotations

Branches:
Dungeon (2/15)

Altars:
Trog


Innate Abilities, Weirdness & Mutations

You have large cloven feet.
Your body sometimes deteriorates upon taking damage.
Your system is resistant to poisons. (rPois)
Your natural rate of healing is unusually fast.


Message History

You feel sick. You block the adder's attack.
It was a potion of cancellation.
Your magical effects are unravelling.
You feel magically purged.
You feel a little less agile now.
Your resistance to elements expires.
* * * LOW HITPOINT WARNING * * *
You feel sick. The adder bites you but does no damage.
You are too injured to fight recklessly!
You are too injured to fight recklessly!
You slash the adder! Your kick misses the adder.
The adder is almost dead.
* * * LOW HITPOINT WARNING * * *
You feel sick. The adder bites you but does no damage.
You block the adder's attack.
You slash the adder!
You kill the adder!
* * * LOW HITPOINT WARNING * * *
You feel sick.
You see here an adder corpse.
You die...

##.##.##.......#
##...#.####.###.#
#......# #.# #.#
##...#.####.# #.#
##.##....).# #.#
#.######### #.#
.######.# #.#
.......†## ####.#
######.@.## #....#
##.....## #.#### #
##.......## #..##
###..
#.........####...##
.....
+.........'.......#
.##.#
#.........####>..##
.##.# ##.......##
#..## .##.#
##.....## #.##
.##.# ##...## #.#


There were no monsters in sight!

Vanquished Creatures
  2 adders (D:2)
  2 dart slugs (D:1)
  A giant gecko (D:2)
  6 bats
  2 giant cockroaches (D:1)
  3 goblins
  4 hobgoblins
  A jackal (D:1)
  6 kobolds
  3 giant newts
  9 rats
39 creatures vanquished.

Notes
Turn   | Place    | Note
-------+----------+-------------------------------------------
     0 | D:1      | Moloch the Demonspawn Fighter began the quest for the Orb.
     0 | D:1      | Reached XP level 1. HP: 18/18 MP: 1/1
   215 | D:1      | Gained mutation: You have large cloven feet. [demonic ancestry]
   215 | D:1      | Reached XP level 2. HP: 24/24 MP: 2/2
   946 | D:2      | Found a bloodstained altar of Trog.
   951 | D:2      | Reached XP level 3. HP: 24/29 MP: 3/3
  1383 | D:2      | Gained mutation: Your natural rate of healing is unusually fast. [potion of mutation]
  1383 | D:2      | Gained mutation: Your system is resistant to poisons. (rPois) [potion of mutation]
  1383 | D:2      | Gained mutation: Your body sometimes deteriorates upon taking damage. [potion of mutation]
  1387 | D:2      | HP: 1/29 [poisoned by an adder]
  1390 | D:2      | Succumbed to an adder's poison

Vault maps used:
D:1:      minmay_arrival_plants_in_alcoves
D:2:      bloody_trog, first_bread

Skill      XL: |  1  2 |
---------------+-------+-----
Axes           | 2 3 |  3.7
Fighting       | |  3.0
Armour         | |  2.6
Shields        | |  2.6

Action                   || total
-------------------------++-------
Melee: War axe           ||   152
       Kick              ||    21
  Use: Potion            ||     4
  Eat: Chunk             ||     1
Armor: Scale mail        ||    78
Dodge: Dodged            ||    53
Block: Shield            ||    99
